[Event "Late-Titled-Tuesday-Blitz-April-02-2024"]
[Site "Chess.com"]
[Date "2024.04.02"]
[Round "2"]
[White "Kazan28"]
[Black "UK_23"]
[Result "1/2-1/2"]
[WhiteElo "2651"]
[BlackElo "2407"]
[TimeControl "180+1"]
[EndTime "14:14:10 PDT"]
[Termination "Game drawn by repetition"]

1. d4 d5 2. c4 e6 3. Nf3 Nf6 4.
g3 dxc4 5. Bg2 c5 6. O-O Nc6 7.
Na3 cxd4 8. Nxc4 Bc5 9. a3 a6 10. b4 Ba7 11. Bb2 O-O 12. Nfe5 Nxe5 13. Nxe5 Qd6 14.
Nc4 Qc7 15. Rc1 e5 16. Na5 Qe7 17. Qc2 Bb6 18. Nc4 Ba7 19. Na5 Bb6 20. Nc4 Ba7 21.
Na5 1/2-1/2

[Event "Late-Titled-Tuesday-Blitz-April-02-2024"]
[Site "Chess.com"]
[Date "2024.04.02"]
[Round "2"]
[White "rhwr"]
[Black "rdarruda"]
[Result "1-0"]
[WhiteElo "2279"]
[BlackElo "2496"]
[TimeControl "180+1"]
[EndTime "14:14:15 PDT"]
[Termination "rhwr won by resignation"]

1. e4 c5 2. Nf3 Nc6 3. d4 cxd4 4.
Nxd4 e5 5. Nb5 a6 6. N5c3 Nf6 7.
Bg5 d6 8. Bd3 Be7 9. O-O Be6 10.
Nd2 h6 11. Bxf6 Bxf6 12. Nc4 O-O 13. Nd5 Bxd5 14. exd5 Ne7 15. Qf3 Ng6 16. Bxg6 fxg6 17. Qe4 Kh7 18. g3 Rc8 19. h4 Qe8 20. Nxd6 Qd7 21. Nxc8 Rxc8 22. Rac1 h5 23. c4 b6 24. b4 Qd6 25. a3 a5 26. c5 bxc5 27. bxc5 Rxc5 28. Rxc5 Qxc5 29. a4 Be7 30. Rd1 Bd6 31. Kg2 Qc3 32. Rd3 Qc7 33. Rd2 Qd7 34. Rc2 Qb7 35. Rc6 Qb8 36. Qc4 Bb4 37. Qd3 Qe8 38.
Re6 Qxa4 39. Qxg6+ Kg8 40. Re8+ Bf8 41. Qe6+ Kh7 42.
Qf5+ g6 43. Qf7+ Bg7 44. Re7 Qe4+ 45. Kh2 1-0

[Event "Late-Titled-Tuesday-Blitz-April-02-2024"]
[Site "Chess.com"]
[Date "2024.04.02"]
[Round "2"]
[White "teresin05"]
[Black "Defend1r"]
[Result "0-1"]
[WhiteElo "2286"]
[BlackElo "2648"]
[TimeControl "180+1"]
[EndTime "14:14:16 PDT"]
[Termination "Defend1r won by resignation"]

1. e4 c5 2. Nf3 d6 3. d4 cxd4 4. Nxd4 Nf6 5. f3 g6 6. c4 Bg7 7.
Nc3 O-O 8. Be3 e6 9. Qd2 d5 10. cxd5 exd5 11. exd5 Nxd5 12. Nxd5 Qxd5 13. Be2 Re8 14. Kf2 Rxe3 15. Kxe3 Qe5+ 16. Kf2 Qxd4+ 17. Qxd4 Bxd4+ 18. Kg3 Nc6 19. Bb5 Bxb2 20. Rab1 Be5+ 21.
f4 Bd4 22. Rhd1 Bb6 23. Rbc1 Be6 24. Bxc6 bxc6 25. a4 c5 26. Kf3 Bb3 27. Rd7 Bxa4 28.
Rb7 Bb3 29. Ra1 Rd8 30. Kg3 c4 31. h4 c3 32. h5 gxh5 33. Kh4 Bd1 34. Kg5 c2 35. Kh6 Be3 36. Kg5 Rd5+ 37. Kh4 c1=Q 0-1

[Event "Late-Titled-Tuesday-Blitz-April-02-2024"]
[Site "Chess.com"]
[Date "2024.04.02"]
[Round "2"]
[White "Sanan_Sjugirov"]
[Black "ineverlikedyou"]
[Result "1-0"]
[WhiteElo "2977"]
[BlackElo "2600"]
[TimeControl "180+1"]
[EndTime "14:14:19 PDT"]
[Termination "Sanan_Sjugirov won by checkmate"]

1. d4 e6 2. c4 f5 3. g3 Nf6 4. Bg2 Be7 5. Nf3 O-O 6. O-O d6 7. Nc3 a5 8. Re1 Ne4 9. Qc2 Nxc3 10. Qxc3 Bf6 11. e4 fxe4 12. Rxe4 Nc6 13. Bf4 g5 14.
Bd2 e5 15. dxe5 Nxe5 16. Nxe5 Bxe5 17. Rxe5 dxe5 18. Bd5+ Kg7 19. Qxe5+ Qf6 20. Qxc7+ Kh6 21. Be3 Be6 22. h4 Kh5 23. hxg5 Qf5 24. Bxe6 Qxe6 25. Qxh7+ Kg4 26. Qh4+ Kf3 27. Re1 Qg4 28. Qh1# 1-0

[Event "Late-Titled-Tuesday-Blitz-April-02-2024"]
[Site "Chess.com"]
[Date "2024.04.02"]
[Round "2"]
[White "Navyblue1"]
[Black "chessisveryfun1264"]
[Result "1/2-1/2"]
[WhiteElo "2267"]
[BlackElo "2503"]
[TimeControl "180+1"]
[EndTime "14:14:24 PDT"]
[Termination "Game drawn by repetition"]

1. d4 e6 2. c4 b6 3. e4 Bb7 4.
Bd3 f5 5. Qe2 Bb4+ 6. Bd2 Nc6 7.
Nf3 fxe4 8. Bxe4 Bxd2+ 9. Nbxd2 Nf6 10. Bd3 O-O 11. O-O Nh5 12. Qe3 Nf4 13. Be4 Qf6 14.
d5 Ne5 15. Nxe5 Qxe5 16. Rab1 exd5 17. Bxh7+ Kxh7 18. Qxe5 Rae8 19. Qg5 dxc4 20. Rfe1 Bxg2 21. Qh4+ Kg8 22. Qg3 Re2 23. Nxc4 Bd5 24. b3 Be6 25.
Kh1 Bd5+ 26. Kg1 Be6 27. Kh1 Bd5+ 28. Kg1 1/2-1/2

[Event "Late-Titled-Tuesday-Blitz-April-02-2024"]
[Site "Chess.com"]
[Date "2024.04.02"]
[Round "2"]
[White "Chempiblinka"]
[Black "CarlosjPineror"]
[Result "0-1"]
[WhiteElo "2365"]
[BlackElo "2678"]
[TimeControl "180+1"]
[EndTime "14:14:31 PDT"]
[Termination "CarlosjPineror won by resignation"]

1. Nf3 Nf6 2. g3 g6 3. Bg2 Bg7 4. O-O O-O 5. c4 d6 6. Nc3 c6 7. d3 Qa5 8. Rb1 Qh5 9. h4 h6 10. b4 e5 11. c5 d5 12. Bb2 Ng4 13. b5 g5 14. bxc6 bxc6 15. e3 Be6 16. Nh2 gxh4 17.
Nxg4 Bxg4 18. Qa4 h3 19. f3 hxg2 20. Kxg2 Bh3+ 21. Kg1 Bxf1 22. Rxf1 Qg6 0-1

[Event "Late-Titled-Tuesday-Blitz-April-02-2024"]
[Site "Chess.com"]
[Date "2024.04.02"]
[Round "2"]
[White "shimastream"]
[Black "albi1999"]
[Result "1-0"]
[WhiteElo "3007"]
[BlackElo "2603"]
[TimeControl "180+1"]
[EndTime "14:14:38 PDT"]
[Termination "shimastream won on time"]

1. Nf3 Nf6 2. c4 e6 3. g3 d5 4. Bg2 Nbd7 5. b3 Bd6 6. Bb2 O-O 7. O-O b6 8. cxd5 exd5 9. Nd4 Nb8 10. Nc3 c6 11.
Rc1 Re8 12. d3 Bb7 13. e4 c5 14. Nf5 Bf8 15. exd5 Nxd5 16. Qg4 g6 17. Ne4 h5 18. Qf3 gxf5 19. Qxf5 Bg7 20. Ng5 1-0

[Event "Late-Titled-Tuesday-Blitz-April-02-2024"]
[Site "Chess.com"]
[Date "2024.04.02"]
[Round "2"]
[White "Hirna2005"]
[Black "Zavgorodniy_Sergiy"]
[Result "0-1"]
[WhiteElo "2320"]
[BlackElo "2647"]
[TimeControl "180+1"]
[EndTime "14:14:41 PDT"]
[Termination "Zavgorodniy_Sergiy won by resignation"]

1. e4 c6 2. Nc3 d5 3. Nf3 Bg4 4. h3 Bxf3 5. Qxf3 dxe4 6. Nxe4 Nd7 7. d4 Ngf6 8. Bc4 e6 9. O-O Nxe4 10. Qxe4 Nf6 11.
Qd3 Be7 12. Bf4 O-O 13. c3 b5 14. Bb3 Nd5 15. Bc2 g6 16. Bh6 Re8 17. Rfe1 Bg5 18.
Bxg5 Qxg5 19. a4 a6 20. Kh2 Kg7 21. Qg3 Qxg3+ 22. Kxg3 Kf6 23. Kf3 h5 24. g3 Ke7 25.
axb5 axb5 26. Be4 Kd6 27. Ke2 Nb6 28. Kd3 Rxa1 29. Rxa1 Ra8 30. Rxa8 Nxa8 31. b3 Nb6 32. h4 Nd7 33. c4 bxc4+ 34. bxc4 c5 35. Bg2 cxd4 36.
Kxd4 e5+ 37. Kc3 Nc5 38. Bd5 f6 39. f3 g5 40. g4 gxh4 41. gxh5 h3 42. f4 e4 43. h6 h2 44. h7 h1=Q 45. Bg8 e3 46. f5 e2 47. Kd4 e1=Q 0-1

[Event "Late-Titled-Tuesday-Blitz-April-02-2024"]
[Site "Chess.com"]
[Date "2024.04.02"]
[Round "2"]
[White "ural58"]
[Black "expii"]
[Result "1-0"]
[WhiteElo "2483"]
[BlackElo "2223"]
[TimeControl "180+1"]
[EndTime "14:14:41 PDT"]
[Termination "ural58 won by resignation"]

1. e4 c5 2. b3 Nc6 3. Bb2 d6 4. f4 Nf6 5. Qf3 e6 6. Bb5 Bd7 7. Nc3 a6 8. Bxc6 Bxc6 9. g4 h6 10. O-O-O Be7 11. h4 d5 12. d3 d4 13. Nce2 O-O 14. g5 hxg5 15. hxg5 Nd7 16. Qh3 1-0

[Event "Late-Titled-Tuesday-Blitz-April-02-2024"]
[Site "Chess.com"]
[Date "2024.04.02"]
[Round "2"]
[White "JoakimVonAnd"]
[Black "Onthequiet"]
[Result "1-0"]
[WhiteElo "2696"]
[BlackElo "2430"]
[TimeControl "180+1"]
[EndTime "14:14:43 PDT"]
[Termination "JoakimVonAnd won by resignation"]

1. Nf3 d5 2. g3 Nf6 3. Bg2 c6 4.
O-O Bf5 5. b3 e6 6. c4 Be7 7.
Bb2 O-O 8. d3 h6 9. Nbd2 Nbd7 10.
Rc1 a5 11. Rc2 a4 12. Rc1 Bh7 13. Re1 Nc5 14. b4 a3 15. Bxf6 Nxd3 16. Bxe7 Qxe7 17. exd3 Qxb4 18. Qb3 Qxb3 19. Nxb3 Bxd3 20. cxd5 cxd5 21. Ne5 Bb5 22. Rc7 Ba6 23. Bf1 Bxf1 24. Kxf1 b6 25. Rec1 g5 26. Nd7 Rfd8 27. Nxb6 Rab8 28. Nd7 Rb4 29.
Ne5 Rf8 30. Ra7 Re4 31. Nd7 1-0

[Event "Late-Titled-Tuesday-Blitz-April-02-2024"]
[Site "Chess.com"]
[Date "2024.04.02"]
[Round "2"]
[White "keepitcoming"]
[Black "Quattroporte300"]
[Result "0-1"]
[WhiteElo "2240"]
[BlackElo "2497"]
[TimeControl "180+1"]
[EndTime "14:14:43 PDT"]
[Termination "Quattroporte300 won by resignation"]

1. d4 d5 2. c4 e6 3. Nc3 Bb4 4. cxd5 exd5 5. Bf4 c6 6. e3 Nf6 7. Bd3 Nbd7 8. Nf3 Nf8 9. h3 Ng6 10. Bh2 O-O 11. a3 Bd6 12. Ne5 Re8 13. f4 c5 14. Qf3 Qb6 15. O-O-O cxd4 16. exd4 Bd7 17. g4 Rac8 18. g5 Bxa3 19. bxa3 Rxc3+ 20. Kd2 Ne4+ 21.
Bxe4 Rxf3 22. Bxf3 Qxd4+ 23. Nd3 Qe3+ 24. Kc3 0-1

[Event "Late-Titled-Tuesday-Blitz-April-02-2024"]
[Site "Chess.com"]
[Date "2024.04.02"]
[Round "2"]
[White "Hikaru"]
[Black "IamSchrodingersCat"]
[Result "1-0"]
[WhiteElo "3264"]
[BlackElo "2627"]
[TimeControl "180+1"]
[EndTime "14:14:50 PDT"]
[Termination "Hikaru won on time"]

1. h3 g6 2. g4 Bg7 3. Bg2 d6 4. d4 e5 5. e3 Nf6 6. c4 exd4 7. exd4 O-O 8. Nc3 Re8+ 9. Nge2 h5 10. g5 Nfd7 11. O-O Nc6 12. h4 Nf8 13. Be3 Bg4 14.
Qd2 Qd7 15. Nf4 Rab8 16. Ncd5 Ne7 17. Nxe7+ Qxe7 18. Rfe1 Qd7 19. d5 b6 20. f3 Bf5 21. Ne2 Rxe3 22. Qxe3 Bxb2 23. Rad1 Re8 24. Qd2 Bg7 25. Nd4 Rxe1+ 26. Rxe1 Qa4 27. Bf1 a6 28. Re7 Nd7 29. Re8+ Kh7 30. Nxf5 gxf5 31. Bd3 1-0

[Event "Late-Titled-Tuesday-Blitz-April-02-2024"]
[Site "Chess.com"]
[Date "2024.04.02"]
[Round "2"]
[White "dedpihto_v_kozhanom_palto"]
[Black "dosto07"]
[Result "1-0"]
[WhiteElo "2716"]
[BlackElo "2464"]
[TimeControl "180+1"]
[EndTime "14:14:50 PDT"]
[Termination "dedpihto_v_kozhanom_palto won by resignation"]

1. c4 e5 2. Nc3 Nf6 3. Nf3 Nc6 4. e3 Bb4 5. Qc2 Bxc3 6. Qxc3 Qe7 7. d4 exd4 8. Nxd4 Ne4 9. Qd3 Nxd4 10. Qxd4 O-O 11. Be2 Qb4+ 12. Bd2 Nxd2 13. Qxd2 Qxd2+ 14. Kxd2 d6 15.
Bf3 Rb8 16. Kc3 Be6 17. b3 Rfd8 18. Rad1 Kf8 19. Rd4 Ke7 20. Rhd1 a5 21. h4 b6 22.
g3 Bc8 23. Bd5 Bb7 24. a3 Bxd5 25. cxd5 Kd7 26. Rf4 f6 27. Rc4 Rbc8 28. Kd4 Re8 29.
Rdc1 f5 30. Kd3 Re5 31. Rd4 c5 32. dxc6+ Rxc6 33. Rxc6 Kxc6 34. f4 Re7 35. e4 fxe4+ 36. Rxe4 Rxe4 37. Kxe4 Kc5 38. g4 d5+ 39. Kd3 b5 40. f5 d4 41. g5 Kd5 42. f6 gxf6 43. gxf6 Ke6 44. Kxd4 Kxf6 45. Kc5 h5 46. Kxb5 Kf5 47.
Kxa5 Kg4 48. b4 Kxh4 49. b5 Kg4 50. b6 h4 51. b7 h3 52. b8=Q 1-0

[Event "Late-Titled-Tuesday-Blitz-April-02-2024"]
[Site "Chess.com"]
[Date "2024.04.02"]
[Round "2"]
[White "vova-79"]
[Black "TanitoluwaAps116"]
[Result "0-1"]
[WhiteElo "2562"]
[BlackElo "2816"]
[TimeControl "180+1"]
[EndTime "14:14:58 PDT"]
[Termination "TanitoluwaAps116 won by resignation"]

1. d4 Nf6 2. c4 e6 3. Nc3 Bb4 4. e3 O-O 5. Ne2 c6 6. a3 Ba5 7. Qc2 d5 8. Ng3 Nbd7 9. Be2 e5 10.
O-O exd4 11. exd4 dxc4 12. Bxc4 Nb6 13. Ba2 Bxc3 14. bxc3 Re8 15. Bb2 Be6 16. c4 h5 17.
Rad1 h4 18. Nf5 h3 19. g3 Bxf5 20. Qxf5 Re2 21. Rb1 Na4 22. Qd3 Rxb2 23. Rxb2 Nxb2 0-1

[Event "Late-Titled-Tuesday-Blitz-April-02-2024"]
[Site "Chess.com"]
[Date "2024.04.02"]
[Round "2"]
[White "dropstoneDP"]
[Black "DeArron_Fox"]
[Result "1-0"]
[WhiteElo "2976"]
[BlackElo "2528"]
[TimeControl "180+1"]
[EndTime "14:15:01 PDT"]
[Termination "dropstoneDP won by resignation"]

1. e4 c5 2. Nf3 e6 3. Nc3 a6 4. Be2 b5 5. O-O Bb7 6. d4 cxd4 7. Qxd4 Nc6 8. Qe3 Qc7 9. Rd1 d6 10. a4 b4 11. Na2 Nf6 12. c3 b3 13. Nb4 Nxb4 14.
cxb4 Nxe4 15. b5 d5 16. Qxb3 Bc5 17. Be3 Bxe3 18. Qxe3 O-O 19. Rac1 Qa5 20. Qd4 axb5 21. Bxb5 Ba6 22. b4 Qd8 23. Bc6 Rb8 24. b5 Bb7 25.
Ne5 Bxc6 26. Nxc6 Qd6 27. Nxb8 Rxb8 28. Qxe4 1-0

[Event "Late-Titled-Tuesday-Blitz-April-02-2024"]
[Site "Chess.com"]
[Date "2024.04.02"]
[Round "2"]
[White "Cuchulin"]
[Black "Flaccidmoves"]
[Result "1-0"]
[WhiteElo "2094"]
[BlackElo "2406"]
[TimeControl "180+1"]
[EndTime "14:15:02 PDT"]
[Termination "Cuchulin won by resignation"]

1. d4 g6 2. Bf4 d6 3. Nc3 Bg7 4.
e4 c6 5. Qd2 b5 6. f3 Qb6 7. a3 Qxd4 8. Qxd4 Bxd4 9. Nge2 Bg7 10.
O-O-O Nd7 11. Nd4 Bb7 12. h4 Bxd4 13. Rxd4 e5 14. Rxd6 exf4 15. Ne2 O-O-O 16. Nxf4 Ne5 17. Rxd8+ Kxd8 18. Be2 Ne7 19. Rd1+ Kc7 20. Nh3 h6 21. Nf4 Rd8 22. Rxd8 Kxd8 23. b3 a6 24. Kd2 c5 25.
Ke3 Kd7 26. Nh3 f5 27. f4 Ng4+ 28. Bxg4 fxg4 29. Nf2 h5 30. g3 Kd6 31. Nd3 Nc6 32.
c3 Na5 33. Ne5 Nxb3 34. Nxg6 a5 35. f5 b4 36. e5+ Kd7 37. cxb4 cxb4 38. axb4 a4 39.
e6+ Ke8 40. f6 1-0

[Event "Late-Titled-Tuesday-Blitz-April-02-2024"]
[Site "Chess.com"]
[Date "2024.04.02"]
[Round "2"]
[White "Ar4uha"]
[Black "ckgchess"]
[Result "0-1"]
[WhiteElo "2593"]
[BlackElo "2948"]
[TimeControl "180+1"]
[EndTime "14:15:03 PDT"]
[Termination "ckgchess won by resignation"]

1. e4 c5 2. Nf3 d6 3. Bb5+ Nd7 4.
d4 cxd4 5. Qxd4 a6 6. Bxd7+ Bxd7 7. Nc3 e5 8. Qd3 Rc8 9. O-O h6 10. Rd1 Nf6 11. Nd2 Be7 12. Nc4 Rc6 13. a4 O-O 14.
Ne3 Be6 15. Bd2 Qc7 16. Be1 Qd7 17. f3 Rfc8 18. Rac1 Rc5 19. Bf2 R5c7 20. Kh1 Bf8 21. Rd2 Be7 22. Bh4 Rc5 23. Bf2 R5c6 24. Ned5 Bxd5 25. exd5 Rc4 26. Be3 b5 27. axb5 axb5 28. Ne2 e4 29. fxe4 Nxe4 30. Rdd1 Bg5 31. Bxg5 Nf2+ 32. Kg1 Nxd3 33. cxd3 Rxc1 34. Bxc1 Qg4 0-1

[Event "Late-Titled-Tuesday-Blitz-April-02-2024"]
[Site "Chess.com"]
[Date "2024.04.02"]
[Round "2"]
[White "stollenmonster"]
[Black "N_Mullodzhanov"]
[Result "1-0"]
[WhiteElo "2852"]
[BlackElo "2564"]
[TimeControl "180+1"]
[EndTime "14:15:03 PDT"]
[Termination "stollenmonster won by checkmate"]

1. e4 c6 2. d4 d5 3. e5 Bf5 4. Ne2 e6 5. Ng3 Bg6 6. h4 h6 7. h5 Bh7 8. Bd3 Bxd3 9. cxd3 Ne7 10. Qg4 Nd7 11. O-O Qb6 12. Be3 Qxb2 13. Nd2 Qb6 14.
Rab1 Qc7 15. f4 a5 16. f5 exf5 17. Nxf5 Nxf5 18. Rxf5 c5 19. Rbf1 O-O-O 20. Rxf7 cxd4 21. Bxd4 Bc5 22. e6 Ne5 23. Rxc7+ Kxc7 24. Qxg7+ Nd7 25. Bxc5 Rhg8 26. Qe7 Rge8 27. Qd6+ Kc8 28. Bb6 Nxb6 29. Rc1+ Nc4 30. Nxc4 Rxd6 31. Nxd6+ Kd8 32. Rc8+ Ke7 33. Nxe8 Kxe6 34. Nc7+ Kd7 35. Rh8 Kxc7 36. Rxh6 b5 37. Rf6 Kd7 38. h6 Ke7 39. h7 Kxf6 40. h8=Q+ Kf5 41. Qc3 b4 42. Qc5 Ke5 43. Qxa5 Kd4 44. Qb5 Kc3 45. Qxd5 Kd2 46. g4 b3 47. axb3 Ke3 48. g5 Kf4 49. g6 Kg4 50. Kf2 Kh4 51.
g7 Kg4 52. g8=Q+ Kf4 53. Qd6+ Kf5 54. d4 Ke4 55. Qe5+ Kd3 56. b4 Kc3 57. b5 Kb4 58.
b6 Kc3 59. b7 Kb4 60. d5 Kc4 61. d6+ Kb4 62. d7 Ka4 63. d8=Q Ka3 64. Qd2 Ka4 65. Qee8+ Ka3 66. Qa8# 1-0

[Event "Late-Titled-Tuesday-Blitz-April-02-2024"]
[Site "Chess.com"]
[Date "2024.04.02"]
[Round "2"]
[White "Danishcrown"]
[Black "rcmz"]
[Result "1-0"]
[WhiteElo "2473"]
[BlackElo "2208"]
[TimeControl "180+1"]
[EndTime "14:15:10 PDT"]
[Termination "Danishcrown won by resignation"]

1. d4 d6 2. Bf4 Nd7 3. Nf3 h6 4. h4 g6 5. Nc3 Bg7 6. e3 Ngf6 7. Be2 Nf8 8. e4 c6 9. Qd2 Ne6 10. O-O-O Nxf4 11. Qxf4 Qa5 12. e5 dxe5 13. dxe5 Ng4 14. Kb1 Nxe5 15. Nb5 f6 16. Nxe5 fxe5 17. Qg3 cxb5 18. Qxg6+ Kf8 19. Bh5 1-0

[Event "Late-Titled-Tuesday-Blitz-April-02-2024"]
[Site "Chess.com"]
[Date "2024.04.02"]
[Round "2"]
[White "Yaacovn"]
[Black "RantomOpening"]
[Result "1-0"]
[WhiteElo "2857"]
[BlackElo "2570"]
[TimeControl "180+1"]
[EndTime "14:15:11 PDT"]
[Termination "Yaacovn won by resignation"]

1. d4 d5 2. Nf3 e6 3. Bf4 Nf6 4. e3 Bd6 5. Bg3 O-O 6. c4 c5 7. Nc3 b6 8. Rc1 Bb7 9. cxd5 Nxd5 10. Nxd5 Bxd5 11. Bc4 Bxc4 12. Rxc4 Bxg3 13. hxg3 Qd5 14. Qc2 h6 15. dxc5 Rc8 16. O-O Rxc5 17. Rxc5 Qxc5 18. Qxc5 bxc5 19. Rd1 Nc6 20. Rd7 Rb8 21. Rc7 Nb4 22. Rxa7 Nd3 23. b3 c4 24. Nd4 e5 25. Nc6 Rb6 26.
Ne7+ Kh7 27. Nd5 cxb3 28. axb3 Rxb3 29. Rxf7 Kg8 30. Rf5 g6 31. Rf6 Kg7 32. f3 Nb4 33. Rb6 Rb1+ 34. Kh2 Nxd5 35. Rxb1 Nxe3 36. g4 Kf6 37.
Kg3 Kg5 38. Rb5 Nc4 39. Rc5 1-0

[Event "Late-Titled-Tuesday-Blitz-April-02-2024"]
[Site "Chess.com"]
[Date "2024.04.02"]
[Round "2"]
[White "AktilekAskarovich"]
[Black "Sl4werThanYou"]
[Result "1-0"]
[WhiteElo "2429"]
[BlackElo "2696"]
[TimeControl "180+1"]
[EndTime "14:15:12 PDT"]
[Termination "AktilekAskarovich won by checkmate"]

1. d4 d5 2. c4 e6 3. Nf3 a6 4. cxd5 exd5 5. Nc3 c6 6. Bg5 Be7 7. Bxe7 Qxe7 8. e3 Bf5 9. Bd3 Bxd3 10. Qxd3 Nf6 11.
O-O O-O 12. h3 Nbd7 13. b4 Rfe8 14. a4 Ne4 15. b5 axb5 16. axb5 Nb6 17. bxc6 bxc6 18.
Ne5 Qe6 19. Rxa8 Rxa8 20. Nxe4 dxe4 21. Qxe4 f6 22. Qxc6 Qxc6 23. Nxc6 Kf7 24. Rb1 Nd5 25. Rb7+ Kf8 26. Rb8+ Rxb8 27. Nxb8 Ke7 28. Nc6+ Kd6 29. Na5 f5 30. Nc4+ Ke6 31. g3 Nc3 32.
Kg2 Kd5 33. Ne5 Ke4 34. Nf7 h6 35. Nd6+ Kd5 36. Nxf5 g6 37. Nxh6 Ne4 38. Ng4 Nd6 39. Ne5 g5 40. Nf3 Nf7 41. h4 gxh4 42. Nxh4 Ke4 43. Nf3 Kf5 44. Nd2 Ke6 45. e4 Nd6 46. f4 Nb5 47. d5+ Kd6 48. Kf3 Nd4+ 49. Ke3 Nc2+ 50. Kd3 Ne1+ 51. Ke2 Nc2 52. Nf3 Kc5 53.
g4 Nb4 54. g5 Kc4 55. g6 Kb3 56.
g7 Nc2 57. g8=Q Kb2 58. Qb8+ Ka1 59. Qa7+ Kb1 60. Qb6+ Ka1 61. Qa6+ Kb2 62. Qb5+ Ka2 63.
Qa4+ Kb2 64. Qxc2+ Ka1 65. Qc1+ Ka2 66. Qa1+ Kb3 67.
d6 Kc2 68. d7 Kb3 69. d8=Q Kc2 70. Qd3# 1-0

[Event "Late-Titled-Tuesday-Blitz-April-02-2024"]
[Site "Chess.com"]
[Date "2024.04.02"]
[Round "2"]
[White "Rodalquilar"]
[Black "SultaiC"]
[Result "0-1"]
[WhiteElo "2727"]
[BlackElo "2514"]
[TimeControl "180+1"]
[EndTime "14:15:16 PDT"]
[Termination "SultaiC won by checkmate"]

1. d4 Nf6 2. Nf3 e6 3. Bf4 d5 4. e3 Be7 5. Nbd2 O-O 6. Bd3 c5 7. c3 Nc6 8. Ne5 h6 9. h4 Nxe5 10. dxe5 Nd7 11. Qg4 f5 12. Qg6 Rf7 13. Nf3 Nf8 14.
Qh5 g6 15. Qxh6 Rh7 16. O-O-O Rxh6 17. Bxh6 Nh7 18. Rdg1 d4 19. exd4 cxd4 20. cxd4 b6 21. g4 Bf8 22. gxf5 Bxh6+ 23. Kb1 Nf8 24. h5 exf5 25.
hxg6 Kg7 26. Rxh6 Kxh6 27. g7 Ng6 28. Nh4 Kxg7 29. Rxg6+ Kh7 30. Rf6 Qxd4 31. Bxf5+ Bxf5+ 32. Nxf5 Qd1# 0-1

[Event "Late-Titled-Tuesday-Blitz-April-02-2024"]
[Site "Chess.com"]
[Date "2024.04.02"]
[Round "2"]
[White "Dzidzik2203"]
[Black "Bryanl106"]
[Result "0-1"]
[WhiteElo "2385"]
[BlackElo "2674"]
[TimeControl "180+1"]
[EndTime "14:15:18 PDT"]
[Termination "Bryanl106 won on time"]

1. b3 g6 2. Bb2 Nf6 3. Bxf6 exf6 4. c4 d5 5. cxd5 Qxd5 6. Nc3 Qd8 7. e3 Bg7 8. g3 O-O 9. Bg2 f5 10.
Nge2 c5 11. O-O Na6 12. a3 Rb8 13. Rc1 b6 14. d4 cxd4 15. Nxd4 Bb7 16. Nc6 Qxd1 17.
Rfxd1 Bxc6 18. Bxc6 Nc5 19. b4 Ne6 20. Nd5 Bb2 21. Rc2 Be5 22. h4 Kg7 23. h5 Rfc8 24. Rdc1 g5 25. Kg2 Rd8 26. f4 gxf4 27. gxf4 Bd6 28. Kf3 Kh6 0-1

[Event "Late-Titled-Tuesday-Blitz-April-02-2024"]
[Site "Chess.com"]
[Date "2024.04.02"]
[Round "2"]
[White "Rashad_Zeynalli"]
[Black "jcmesafischer"]
[Result "1-0"]
[WhiteElo "2689"]
[BlackElo "2376"]
[TimeControl "180+1"]
[EndTime "14:15:18 PDT"]
[Termination "Rashad_Zeynalli won on time"]

1. d4 Nf6 2. Bf4 d5 3. e3 c5 4. dxc5 e6 5. b4 a5 6. c3 axb4 7. cxb4 Nc6 8. Bb5 Bd7 9. Qb3 Ne4 10. f3 Qf6 11. fxe4 Qxa1 12. exd5 exd5 13. a3 Bf5 14. Bd3 Bxd3 15. Qxd3 Qb2 16. Ne2 Be7 17. O-O O-O 18. Nec3 Rad8 19. Nxd5 Rfe8 20. e4 Bf8 21. Bc7 Rc8 22.
Bd6 Bxd6 23. cxd6 Rcd8 24. Kh1 Rxd6 25. Ne7+ Nxe7 26. Qxd6 1-0

[Event "Late-Titled-Tuesday-Blitz-April-02-2024"]
[Site "Chess.com"]
[Date "2024.04.02"]
[Round "2"]
[White "Bob_2004"]
[Black "bilelou"]
[Result "0-1"]
[WhiteElo "2348"]
[BlackElo "2637"]
[TimeControl "180+1"]
[EndTime "14:15:18 PDT"]
[Termination "bilelou won on time"]

1. d4 e6 2. c4 b6 3. a3 g6 4.
Nc3 Bg7 5. d5 Bb7 6. g3 d6 7.
Bg2 Bxc3+ 8. bxc3 e5 9. Nf3 Nd7 10. O-O Ngf6 11. Bh6 Qe7 12. Bh3 O-O-O 13. a4 a5 14. c5 dxc5 15. c4 Ne4 16. Nd2 Nd6 17.
e4 f6 18. f4 Kb8 19. Be6 Nf8 20. f5 Nxe6 21. fxe6 f5 22. exf5 Nxf5 23. Rxf5 gxf5 24. Qh5 f4 25. Bg5 Qg7 26. Bxd8 Rxd8 27. Rf1 c6 28.
Qf7 Qxf7 29. exf7 cxd5 30. cxd5 Bxd5 31. gxf4 Bxf7 32. fxe5 Be6 33. Ne4 Bb3 0-1

[Event "Late-Titled-Tuesday-Blitz-April-02-2024"]
[Site "Chess.com"]
[Date "2024.04.02"]
[Round "2"]
[White "prime-morty"]
[Black "ViIIagra"]
[Result "1-0"]
[WhiteElo "2599"]
[BlackElo "2892"]
[TimeControl "180+1"]
[EndTime "14:15:19 PDT"]
[Termination "prime-morty won by resignation"]

1. c4 d6 2. Nc3 e5 3. g3 f5 4. d4 Be7 5. dxe5 dxe5 6. Qxd8+ Bxd8 7. e4 Nf6 8. Bh3 Nc6 9. Be3 fxe4 10. Bxc8 Rxc8 11.
O-O-O Be7 12. Bg5 Na5 13. b3 O-O 14. Bxf6 gxf6 15. Nxe4 c6 16. Nf3 b5 17. c5 Nb7 18.
b4 f5 19. Nc3 e4 20. Rd7 Bf6 21. Nd4 Rfd8 22. Rxd8+ Rxd8 23. Nxc6 Rc8 24. Nxa7 Rd8 25. Ncxb5 Bg5+ 26. Kb1 Rd2 27. c6 1-0

[Event "Late-Titled-Tuesday-Blitz-April-02-2024"]
[Site "Chess.com"]
[Date "2024.04.02"]
[Round "2"]
[White "LastHeroJr"]
[Black "remyrushbrooke"]
[Result "1-0"]
[WhiteElo "2492"]
[BlackElo "2241"]
[TimeControl "180+1"]
[EndTime "14:15:20 PDT"]
[Termination "LastHeroJr won by resignation"]

1. e4 g6 2. g3 Bg7 3. Bg2 d6 4. Nc3 c5 5. d3 Nc6 6. f4 Nf6 7. Nf3 O-O 8. O-O a6 9. Be3 b5 10. Rb1 Bb7 11. h3 Nd7 12. Ne2 Qa5 13. a3 b4 14.
axb4 Nxb4 15. c3 Nc6 16. Re1 e6 17. d4 cxd4 18. Nfxd4 Nxd4 19. Nxd4 d5 20. e5 Qc7 21. h4 h5 22. g4 hxg4 23. Qxg4 Qc4 24. Bf1 Qc8 25. h5 gxh5 26. Qxh5 Nc5 27. Re2 f6 28. Rg2 Qe8 29. Qh6 Qf7 30. b4 Ne4 31. Nxe6 Ng5 32. Nxg7 d4 33. Rh2 Qxg7 34. Bc4+ Rf7 35. fxg5 dxe3 36.
g6 Rc8 37. Bxf7+ Kf8 38. Qh8+ Ke7 39. exf6+ Kxf6 40. Rf1+ Ke7 41. Qxg7 Rxc3 42. Qxc3 1-0

[Event "Late-Titled-Tuesday-Blitz-April-02-2024"]
[Site "Chess.com"]
[Date "2024.04.02"]
[Round "2"]
[White "FrankDux44"]
[Black "1g60-1"]
[Result "1-0"]
[WhiteElo "2692"]
[BlackElo "2407"]
[TimeControl "180+1"]
[EndTime "14:15:21 PDT"]
[Termination "FrankDux44 won by resignation"]

1. d4 e6 2. Nf3 f5 3. Bf4 Nf6 4. h3 b6 5. e3 Bd6 6. Bxd6 cxd6 7. g3 Bb7 8. Bg2 O-O 9. O-O Nc6 10. c4 Ne7 11. Nc3 Rc8 12. Nb5 Ne8 13. Nxa7 Rxc4 14.
Nb5 Rb4 15. a4 Qa8 16. Qd2 Rxa4 17. Rxa4 Qxa4 18. Nc3 Qa8 19. Ne1 Nf6 20. Bxb7 Qxb7 21.
Nd3 Ned5 22. Rc1 Rc8 23. Nf4 Nxc3 24. bxc3 Ne4 25. Qb2 b5 26. h4 b4 27. cxb4 Rxc1+ 28. Qxc1 Qxb4 29. Qc8+ Kf7 30. Qxd7+ 1-0

[Event "Late-Titled-Tuesday-Blitz-April-02-2024"]
[Site "Chess.com"]
[Date "2024.04.02"]
[Round "2"]
[White "SergioMoralesG"]
[Black "maurovargas01"]
[Result "1-0"]
[WhiteElo "2414"]
[BlackElo "1864"]
[TimeControl "180+1"]
[EndTime "14:15:22 PDT"]
[Termination "SergioMoralesG won on time"]

1. d4 d5 2. c4 e6 3. Nf3 Nf6 4. Nc3 c6 5. Bg5 Be7 6. e3 O-O 7. a3 Ne4 8. Nxe4 dxe4 9. Bxe7 Qxe7 10. Nd2 f5 11. Be2 e5 12. d5 cxd5 13. cxd5 Nd7 14. Qb3 Kh8 15. Nc4 Qh4 16. O-O f4 17. f3 exf3 18. Rxf3 e4 19. Rxf4 Rxf4 20. exf4 Qxf4 21.
Rf1 1-0